 Dungeon Crawl Stone Soup version 0.17.1-3-g152610e (webtiles) character file.

45 ololoev the Chopper (level 3, -1/29 HPs)
             Began as a Demonspawn Fighter on Feb 18, 2016.
             Slain by a giant frog skeleton (3 damage)
             ... on level 4 of the Dungeon.
             The game lasted 00:02:57 (542 turns).

ololoev the Chopper (Demonspawn Fighter)             Turns: 542, Time: 00:02:57

Health: -1/29      AC: 13    Str: 17    XL:     3   Next: 42%
Magic:  0/3        EV:  6    Int: 14    God:
Gold:   103        SH:  8    Dex: 12    Spells: 0 memorised, 2 levels left

rFire  + . .     SeeInvis .     m - +1 flail (protect)
rCold  + . .     Clarity  .     b - +0 scale mail
rNeg   . . .     SustAt   .     c - +0 shield
rPois  +         Gourm    .     f - +2 hat
rElec  +         Spirit   +     (no cloak)
rCorr  +         Warding  .     (no gloves)
rMut   .         Stasis   .     (no boots)
MR     .....                    (no amulet)
Stlth  ..........               (no ring)
                                (no ring)

@: brilliant, resistant, not resistant to hostile enchantments, extremely
unstealthy
A: magic shield
a: no special abilities


Innate Abilities, Weirdness & Mutations

When hurt, damage is shared between your health and your magic reserves.

Inventory:

Hand Weapons
 a - a +0 war axe
 m - a +1 flail of protection (weapon)
Armour
 b - a +0 scale mail (worn)
 c - a +0 shield (worn)
 f - a +2 hat (worn)
Scrolls
 d - 3 scrolls of immolation {unknown}
 g - a scroll of remove curse {unknown}
 h - a scroll of identify {unknown}
 i - a scroll of noise {unknown}
 k - a scroll of teleportation {unknown}
 n - a scroll of blinking {unknown}
 p - a scroll of fog {unknown}
 q - a scroll of enchant weapon {unknown}
Comestibles
 e - 3 bread rations
 l - a beef jerky


   Skills:
 - Level 3.0 Fighting
 * Level 3.1 Axes
 + Level 3.1 Armour
 - Level 2.6 Shields


You had 2 spell levels left.
You didn't know any spells.


You were on level 4 of the Dungeon.
You were not hungry.

You visited 1 branch of the dungeon, and saw 4 of its levels.

You collected 103 gold pieces.

.. ... . ...## ###
.. .....##.. ...
....... .... ..#.
#...## .....
.....###..###......
.......<#.Z@.......
...........##.(....
..........## .....
............ ....
..........### ...
..........# ..
........... .
8.._.....#..
....###.###

Notes
Turn   | Place    | Note
--------------------------------------------------------------
     0 | D:1      | ololoev the Demonspawn Fighter began the quest for the Orb.
     0 | D:1      | Reached XP level 1. HP: 18/18 MP: 1/1
   119 | D:1      | Gained mutation: When hurt, damage is shared between your health and your magic reserves. [demonic ancestry]
   119 | D:1      | Reached XP level 2. HP: 22/24 MP: 2/2
   225 | D:2      | Found a blossoming altar of Fedhas.
   236 | D:2      | Found a stormy altar of Qazlal.
   389 | D:3      | Reached XP level 3. HP: 25/29 MP: 3/3
   429 | D:3      | Found a sacrificial altar of Ru.
   460 | D:3      | Found a radiant altar of Vehumet.
   528 | D:4      | Found a shattered altar of Ashenzari.
   528 | D:4      | Noticed a sky beast
   542 | D:4      | Slain by a giant frog skeleton

Dungeon Overview and Level Annotations

Branches:
Dungeon (4/15)
 Temple: D:4-7

Altars:
Ashenzari
Fedhas
Qazlal
Ru
Vehumet


Message History

Found 11 gold pieces, a bread ration and a scroll labeled DAQUZONIAKHE.
q - a scroll labeled DAQUZONIAKHE
Found a stone staircase leading down.
e - 3 bread rations (gained 1)
You now have 103 gold pieces (gained 11).
There is a stone staircase leading down here.
You climb downwards.
A sky beast comes into view.
Found a shattered altar of Ashenzari.
There is a stone staircase leading up here.
Drink which item? (? for menu, Esc to quit)
It was a potion of brilliance.
You feel clever all of a sudden.
You closely miss the sky beast. The sky beast hits you.
The sky beast shocks you.
You sock the sky beast!
The sky beast is moderately wounded.
The sky beast hits you. The sky beast shocks you.
You sock the sky beast!
The sky beast is heavily wounded.
You block the sky beast's attack.
The sky beast flickers out of sight!
Deactivating autopickup; reactivate with Ctrl-A.
Something hits you. Something shocks you.
Drink which item? (? for menu, Esc to quit)
It was a potion of resistance.
You feel protected. Something hits you but does no damage.
Your shield and scale mail prevent you from hitting something.
Something hits you but does no damage.
You miss something. Something hits you but does no damage.
Something hits you but does no damage.
You miss something. Something hits you. Something shocks you. You resist.
You hit something. You block its attack.
You closely miss something. Something hits you. Something shocks you.
You resist. Something hits you but does no damage.
A giant frog skeleton comes into view.
Found 12 poisoned needles.
Something completely misses you. The giant frog skeleton hits you.
You die...

You could see a giant frog skeleton.

Vanquished Creatures
  An adder (D:3)
  A worm (D:2)
  3 orcs (D:3)
  2 bats
  A giant cockroach (D:3)
  5 goblins
  3 hobgoblins
  5 kobolds
  3 giant newts
  6 rats
30 creatures vanquished.

Action                   || total
-------------------------++-------
Melee: War axe           ||    57
       Flail             ||    20
  Use: Potion            ||     3

Vault maps used:
D:1:      mrwooster_arrival_statue_3
D:2:      grunt_temple_overflow_forces_of_nature, overflow_temple_1_default,
          ecumenical_altar_2
D:3:      bloody_trog, nicolae_ru_path_of_blood, nicolae_overflow_crystal_walls
D:4:      grunt_temple_overflow_open, cheibriados_altar_1
